 Dungeon Crawl Stone Soup version 0.29.1-13-g9f3cf754e1 (webtiles) character file.

Game seed: 326871791058529603

107 Thatpatchoflichen the Trooper (level 4, 0/41 HPs)
             Began as a Hill Orc Monk on Jan 19, 2023.
             Killed by divine providence
             ... invoked by an orc priest
              (12 damage)
             ... on level 3 of the Dungeon.
             The game lasted 00:10:35 (4139 turns).

Thatpatchoflichen the Trooper (Hill Orc Monk)       Turns: 4139, Time: 00:10:36

Health: 0/41       AC:  9    Str: 15    XL:     4   Next: 86%
Magic:  4/4        EV: 11    Int: 10    God:
Gold:   145        SH:  0    Dex: 13    Spells: 3/3 levels left

rFire   . . .      SeeInvis .   a - +0 spear
rCold   . . .      Faith    .   (no shield)
rNeg    + . .      Spirit   .   s - +4 ring mail of the Hidden Priests {Regen+}
rPois   .          Reflect  .   (no helmet)
rElec   .          Harm     .   (no cloak)
rCorr   .          Rampage  .   (no gloves)
Will    .....                   (no boots)
Stlth   +.........              (no amulet)
HPRegen 0.93/turn               r - ring of positive energy
MPRegen 0.09/turn               (no ring)

@: no status effects
A: no striking features
a: Convert to Beogh


You were on level 3 of the Dungeon.
You visited 1 branch of the dungeon, and saw 4 of its levels.

You collected 145 gold pieces.

Inventory:

Hand Weapons
 a - a +0 spear (weapon)
Missiles
 p - a throwing net (quivered)
Armour
 j - a +0 chain mail
 o - +0 gold dragon scales
 s - the +4 ring mail of the Hidden Priests (worn) {Regen+}
   (You found it on level 3 of the Dungeon)

   Regen:     It increases your rate of health regeneration.
Jewellery
 r - a ring of positive energy (left hand)
Scrolls
 e - 2 scrolls of blinking {unknown}
 f - a scroll of brand weapon {unknown}
 h - 2 scrolls of noise {unknown}
 i - 3 scrolls of teleportation {unknown}
 l - a scroll of amnesia {unknown}
 n - 2 scrolls of identify {unknown}
 t - a scroll of fear {unknown}
Potions
 b - a potion of resistance {unknown}
 c - a potion of ambrosia
 d - 2 potions of curing {unknown}
 g - 3 potions of lignification {unknown}
 k - a potion of degeneration {unknown}
 m - a potion of might {unknown}
 q - a potion of brilliance {unknown}


   Skills:
 + Level 4.6 Fighting
 + Level 4.2 Polearms
 * Level 2.8 Armour
 - Level 2.4 Dodging
 - Level 1.5 Stealth


You had 3 spell levels left.
You didn't know any spells.
Your spell library contained the following spells:

 Spells                   Type           Power      Damage    Failure   Level
 Sting                    Tmut/Pois      0%         1d3       58%         1
 Ensorcelled Hibernation  Hex/Ice        0%         N/A       73%         2
 Poisonous Vapours        Pois/Air       0%         N/A       73%         2
 Confusing Touch          Hex            0%         N/A       91%         3
 Spider Form              Tmut/Pois      0%         N/A       91%         3
 Anguish                  Hex/Necr       0%         N/A       100%        4
 Olgreb's Toxic Radiance  Pois           0%         N/A       100%        4
 Yara's Violent Unravell  Hex/Tmut       0%         3d3       100%        5
 Enfeeble                 Hex            0%         N/A       100%        7
 Ozocubu's Refrigeration  Ice            0%         4d7       100%        7
 Ignition                 Fire           0%         3d3       100%        8


Dungeon Overview and Level Annotations

Branches:
Dungeon (4/15)
 Temple: D:4-7

Altars:
Cheibriados

Shops:
D:1 (


Message History

The orc priest threatens, "By the altar or by the axe, you will meet Beogh!"
The orc priest barely misses you.
You hit the orc priest but do no damage.
The orc priest is moderately wounded.
You closely miss the orc priest.
The orc priest is moderately wounded.
The orc priest hits you but does no damage.
You closely miss the orc priest.
The orc priest is moderately wounded.
The orc priest closely misses you.
You hit the orc priest.
The orc priest is heavily wounded.
The orc priest hits you with a +0 dagger.
You hit the orc priest but do no damage.
The orc priest is heavily wounded.
The orc priest shouts, "Surrender to Beogh and we'll let you live!"
The orc priest hits you but does no damage.
The orc priest shouts, "Join the one true god or die!"
You hit the orc priest but do no damage.
The orc priest is heavily wounded.
The orc priest shouts, "Beogh is our master!
Accept the truth or die!"
The orc priest closely misses you.
You hit the orc priest.
The orc priest is almost dead.
The orc priest hits you but does no damage.
You closely miss the orc priest.
The orc priest is almost dead.
The orc priest invokes the aid of Beogh against you.
Beogh smites you!
* * * LOW HITPOINT WARNING * * *
You closely miss the orc priest.
The orc priest shouts, "Surrender to Beogh and we'll let you live!"
The orc priest is almost dead.
The orc priest shouts, "Beogh is our master!
Accept the truth or die!"
You hit the orc priest but do no damage.
The orc priest is almost dead.
The orc priest shouts, "Join the one true god or die!"
The orc priest calls down the wrath of Beogh upon you.
Beogh smites you!
You die...

## .. .####
#######......
#.....#.....
#.......# #.oo#
#...@.# #....#####
###o### ..........
#.)## #.......# ##
###.o##.o.o.....# #.
#.......# .(..#. #.
#..#.#####....#.###.
#####.........#....†
#.##...........#
#.##...........#


You could see an orc priest.

Vanquished Creatures
  3 gnolls
  An adder (D:2)
  A worm (D:3)
  A dart slug (D:3)
  3 orcs (D:3)
  5 endoplasms
  2 giant cockroaches
  6 goblins
  3 hobgoblins
  8 kobolds
  4 quokkas
  9 ball pythons
  7 bats
  3 frilled lizards
  4 rats
60 creatures vanquished.

Notes
Turn   | Place    | Note
-------+----------+-------------------------------------------
     0 | D:1      | Thatpatchoflichen the Hill Orc Monk began the quest for the
                  | Orb.
     0 | D:1      | Reached XP level 1. HP: 19/19 MP: 1/1
   495 | D:1      | Reached XP level 2. HP: 8/27 MP: 2/2
   765 | D:1      | Reached skill level 1 in Armour
   917 | D:1      | Found Meerov's Weapon Shoppe.
  1447 | D:1      | Reached XP level 3. HP: 32/33 MP: 3/3
  2905 | D:2      | Reached XP level 4. HP: 35/41 MP: 4/4
  3801 | D:3      | Identified the +4 ring mail of the Hidden Priests {Regen+}
  4008 | D:3      | Found a snail-covered altar of Cheibriados.
  4139 | D:3      | Killed from afar by an orc priest

Illustrated notes

Levels and vault maps discovered:
D:1:      sevenhm_arrival_forest_fort_large_2, layout_basic, serial_shops, shop,
          nicolae_kite_square_tiling_tiny
D:2:      layout_basic, corner_web_ring
D:3:      layout_rooms, old_standard_altar,
          shapermc_ecumenical_altar_flowoftime, minmay_checkerbox
D:4:      layout_basic, chequers_temple_overflow_minitemple, serial_shops, shop,
          eino_small_chamber_without_monster, uniq_robin

Skill      XL: |  1  2  3 |
---------------+----------+-----
Armour         | 1 2 |  2.8
Fighting       | 4 |  4.6
Polearms       | 4 |  4.2
Dodging        | |  2.4
Stealth        | |  1.5

Action                   |  1- 3 |  4- 6 || total
-------------------------+-------+-------++-------
Melee: Spear             |   194 |    84 ||   278
       Punch             |       |     1 ||     1
Armor: Robe              |     7 |       ||     7
       Ring mail         |    26 |    16 ||    42
       Chain mail        |    63 |       ||    63
       Gold dragon scale |    25 |    32 ||    57
Dodge: Dodged            |   104 |    14 ||   118
